 Dungeon Crawl Stone Soup version 0.14.0-6-g1bc2dff (webtiles) character file.

245 Kejsarherre the Skirmisher (level 5, -2/36 HPs)
             Began as a Gargoyle Wanderer on Apr 12, 2014.
             Killed by divine providence
             ... invoked by an orc priest
              (11 damage)
             ... on Level 4 of the Dungeon.
             The game lasted 00:05:03 (2629 turns).

Kejsarherre the Skirmisher (Gargoyle Wanderer)      Turns: 2629, Time: 00:05:04

HP  -2/36        AC 14     Str 16      XL: 5   Next: 42%
MP   5/5         EV  6     Int 14      God:
Gold 84          SH  0     Dex  8      Spells:  0 memorised,  4 levels left

rFire  . . .     SeeInvis .     r - +0 hand axe
rCold  . . .     Clarity  .     v - +0 chain mail
rNeg   + . .     Conserve .     (no shield)
rPois  +         rCorr    .     (no helmet)
rElec  +         rRot     +     (no cloak)
SustAb . .       Spirit   .     e - +0 pair of gloves
rMut   .         Warding  .     m - +0 pair of boots
Saprov . . .     Stasis   .     (no amulet)
MR     .....                    (no ring)
                                (no ring)

@: not resistant to hostile enchantments, extremely unstealthy
A: life protection 1, electricity resistance, unbreathing, petrification
resistance, AC +4
a: no special abilities


You were on level 4 of the Dungeon.
You were hungry.

You visited 1 branch of the dungeon, and saw 4 of its levels.

You collected 117 gold pieces.
You spent 33 gold pieces at shops.

Inventory:

Hand weapons
 a - a +1,+1 mace
 r - a +0,+0 hand axe (weapon)
Armour
 e - a +0 pair of gloves (worn)
 m - a +0 pair of boots (worn)
 v - a +0 chain mail (worn)
Magical devices
 n - a wand of disintegration (9) {unknown}
Comestibles
 c - 2 bread rations
 p - a choko
 u - 2 pears
 z - 2 meat rations
Scrolls
 b - a scroll of noise {unknown}
 f - a scroll of teleportation {unknown}
 g - a scroll of recharging {unknown}
 h - a scroll of random uselessness {unknown}
 j - a scroll of identify {unknown}
 l - 4 scrolls of remove curse {unknown}
 q - 3 scrolls of amnesia {unknown}
 x - a scroll of fear {unknown}
 y - a scroll of enchant weapon II {unknown}
 A - a scroll of immolation {unknown}
Jewellery
 s - an uncursed amulet of resist corrosion {unknown}
Potions
 d - a potion of might {unknown}
 i - a potion of restore abilities {unknown}
 k - a potion of cure mutation {unknown}
 o - a potion of curing {unknown}
 t - a potion of lignification {unknown}
 w - a potion of agility {unknown}


   Skills:
 - Level 6.0 Fighting
 + Level 2.5 Axes
 - Level 2.1 Maces & Flails
 - Level 1.0 Throwing
 - Level 2.1 Armour
 - Level 1.1 Stealth


You had 4 spell levels left.
You didn't know any spells.

Dungeon Overview and Level Annotations

Branches:
Dungeon (4/15)
 Temple: D:4-7

Altars:
Cheibriados
Dithmenos
Fedhas
Kikubaaqudgha
Xom

Shops:
D:4 *


Innate Abilities, Weirdness & Mutations

You are resistant to torment.
You are immune to poison.
You are immune to rotting.
Your stone body is very resilient (AC +4).
You resist negative energy.
You are resistant to electric shocks.
You can survive without breathing.
You are immune to petrification.


Message History

The orc priest is lightly wounded.
The orc hits you but does no damage.
The orc priest becomes somewhat translucent.
You hit the orc priest.
The orc priest is moderately wounded.
The orc hits you but does no damage.
The orc priest hits you but does no damage.
You closely miss the orc priest.
The orc priest is moderately wounded.
The orc barely misses you.
The orc priest mumbles some strange prayers to Beogh against you.
Something smites you!
* * * LOW HITPOINT WARNING * * *
The orc priest hits you but does no damage.
The orc hits you but does no damage.
You closely miss the orc priest.
The orc priest is moderately wounded.
The orc priest invokes the aid of Beogh against you.
Something smites you!
You die...

#...............#...#.
###.#o.#......#....##.
#.#.............###)
#.#.(.............#)
#.#..#......#.....#.
#.................#.
#.##...#..#........)
#.###...............
#oo@o...............
######...######.....
#### #...## #...#
#####


You could see 2 orc priests and an orc.

Vanquished Creatures
  An orc priest (D:4)
  6 adders
  An inept item mimic (D:2)
  A giant eyeball (D:4)
  A giant gecko (D:3)
  An ooze (D:2)
  5 orcs
  9 bats
  2 giant cockroaches
  8 goblins
  10 hobgoblins
  3 giant newts
  4 jackals (D:2)
  4 kobolds
  6 rats
62 creatures vanquished.

Vanquished Creatures (others)
  A human (D:2)
1 creature vanquished.

Grand Total: 63 creatures vanquished

Notes
Turn   | Place    | Note
--------------------------------------------------------------
     0 | D:1      | Kejsarherre, the Gargoyle Wanderer, began the quest for the Orb.
     0 | D:1      | Reached XP level 1. HP: 14/14 MP: 1/1
   400 | D:1      | Reached XP level 2. HP: 10/20 MP: 2/2
   490 | D:1      | Reached skill level 4 in Fighting
  1178 | D:2      | Reached XP level 3. HP: 20/24 MP: 3/3
  1258 | D:2      | Reached skill level 5 in Fighting
  1404 | D:2      | Reached XP level 4. HP: 28/31 MP: 4/4
  1624 | D:2      | Found a shimmering altar of Xom.
  1624 | D:2      | Found a snail-covered altar of Cheibriados.
  1734 | D:2      | Found an ancient bone altar of Kikubaaqudgha.
  1734 | D:2      | Noticed a human
  1737 | D:2      | Killed a human
  1902 | D:3      | Found a shadowy altar of Dithmenos.
  2312 | D:4      | Reached skill level 6 in Fighting
  2312 | D:4      | Reached XP level 5. HP: 24/36 MP: 5/5
  2369 | D:4      | Found Egeetal's General Store.
  2372 | D:4      | Bought a potion of heal wounds for 33 gold pieces
  2407 | D:4      | Found a blossoming altar of Fedhas.
  2587 | D:4      | Paralysed by a giant eyeball for 3 turns
  2629 | D:4      | Killed from afar by an orc priest

Action                   |  1- 3 |  4- 6 || total
-------------------------+-------+-------++-------
Melee: Mace              |   109 |    32 ||   141
       Hand axe          |       |   150 ||   150
  Use: Potion            |       |     1 ||     1
